 Dungeon Crawl Stone Soup version 0.22.1-2-g9c5b331383 (webtiles) character file.

233238 NonStable the Imperceptible (level 19, -25/130 HPs)
             Began as a Spriggan Enchanter on Nov 30, 2018.
             Was an Initiate of Gozag.
             Killed by the raging water
             ... invoked by a water nymph
              (31 damage)
             ... on level 3 of the Shoals.
             The game lasted 03:38:27 (45836 turns).

NonStable the Imperceptible (Spriggan Enchanter)   Turns: 45836, Time: 03:38:33

Health: -25/130    AC:  5    Str: 15    XL:     19   Next: 19%
Magic:  44/58      EV: 37    Int: 20    God:    Gozag
Gold:   380        SH:  4    Dex: 33    Spells: 2/51 levels left

rFire    + . .     SeeInvis +   x - +3 dagger of Foul Odors {drain, Dex+2}
rCold    . . .     Gourm    .   (shield restricted)
rNeg     . . .     Faith    .   S - +0 robe of Wir Woukhlo {*Corrode Dex+9 Stlth+} (curse)
rPois    .         Spirit   .   (helmet restricted)
rElec    .         Reflect  +   s - +2 cloak of Classification {rF+ Regen+ MP+9}
rCorr    .         Harm     .   (gloves unavailable)
MR       +++..                  (boots unavailable)
Stlth    ..........             P - +4 amulet of reflection
HPRegen  0.71/turn              w - ring of stealth
MPRegen  0.36/turn              e - ring of Wariness {MP+9 Str+5 Dex+2}

@: berserking, lethally poisoned (-25 -> -37), about to teleport, very quick
A: very small, unfitting armour, see invisible, herbivore, speed 3, slow
metabolism 2
a: Potion Petition, Call Merchant, Bribe Branch, Renounce Religion


You were on level 3 of the Shoals.
You worshipped Gozag.
Gozag was aware of your devotion.
You were not hungry.

You visited 8 branches of the dungeon, and saw 32 of its levels.
You also visited: Bailey.

You collected 10552 gold pieces.
You spent 2577 gold pieces at shops.
You paid 7595 gold pieces to Gozag.

Inventory:

Hand Weapons
 x - the +3 dagger of Foul Odors (weapon) {drain, Dex+2}
   (You found it on level 15 of the Dungeon)

   A truly terrible weapon, it drains the life of those it strikes.
   It affects your dexterity (+2).
Missiles
 M - a throwing net (quivered)
Armour
 s - the +2 cloak of Classification (worn) {rF+ Regen+ MP+9}
   (You bought it in a shop on level 2 of the Orcish Mines)

   It protects you from fire.
   It affects your magic capacity (+9).
   It increases your rate of regeneration.
 z - a scarf of resistance
 S - the cursed +0 robe of Wir Woukhlo (worn) {*Corrode Dex+9 Stlth+}
   (You found it on level 1 of the Shoals)

   It affects your dexterity (+9).
   It may corrode you when you take damage.
   It makes you more stealthy.
   It has a curse placed upon it.
Jewellery
 e - the ring of Wariness (right hand) {MP+9 Str+5 Dex+2}
   (You found it on level 3 of the Lair of Beasts)

   [ring of magical power]

   It affects your strength (+5).
   It affects your dexterity (+2).
   It affects your magic capacity (+9).
 u - an uncursed amulet of guardian spirit
 w - a ring of stealth (left hand)
 H - the ring "Uhur" {*Tele MP+9 Dex-3 Slay+2}
   (You took it off a wight on level 12 of the Dungeon)

   [ring of teleportation]

   It may teleport you next to monsters.
   It affects your dexterity (-3).
   It affects your accuracy and damage with ranged weapons and melee attacks
   (+2).
   It affects your magic capacity (+9).
 P - a +4 amulet of reflection (around neck)
Wands
 b - a wand of polymorph (3)
 F - a wand of clouds (4)
 O - a wand of enslavement (13)
Scrolls
 f - 10 scrolls of teleportation
 k - 2 scrolls of fog
 n - 11 scrolls of remove curse
 r - 5 scrolls of enchant armour
 B - 9 scrolls of magic mapping
 K - 9 scrolls of identify
 L - 2 scrolls of enchant weapon
Potions
 a - 3 potions of lignification
 c - a potion of berserk rage
 g - a potion of brilliance
 h - 2 potions of curing
 i - 4 potions of might
 l - a potion of magic
 q - a potion of resistance
 v - 2 potions of haste
 A - 4 potions of mutation
 J - 3 potions of flight
 N - 2 potions of agility
 Q - a potion of cancellation
Miscellaneous
 m - a phial of floods
 p - a lamp of fire
 C - 2 boxes of beasts
Comestibles
 d - 38 rations


   Skills:
 + Level 4.9 Fighting
 + Level 9.8 Short Blades
   Level 1.4 Maces & Flails
 + Level 1.5 Throwing
 * Level 15.1 Dodging
 + Level 26.1 Stealth
 + Level 1.3 Unarmed Combat
 + Level 16.7 Spellcasting
 + Level 3.0 Conjurations
 + Level 15.8 Hexes
 + Level 2.2 Charms
 + Level 3.2 Translocations
 + Level 2.4 Transmutations
 + Level 1.0 Fire Magic
 + Level 7.6 Ice Magic
 + Level 1.1 Earth Magic
 + Level 3.0 Evocations


You had 2 spell levels left.
You knew the following spells:

 Your Spells              Type           Power        Failure   Level  Hunger
a - Irradiate             Conj/Tmut      ####......   30%         5    ###....
b - Ensorcelled Hibernat  Hex/Ice        ######       1%          2    None
c - Confuse               Hex            ######..     0%          3    None
d - Tukima's Dance        Hex            ######..     0%          3    None
e - Dazzling Spray        Conj/Hex       ######       1%          3    None
f - Passwall              Tmut/Erth      ###.....     2%          2    None
g - Metabolic Englaciati  Hex/Ice        ######....   1%          5    ###....
h - Force Lance           Conj/Tloc      ####....     10%         4    None
i - Conjure Flame         Conj/Fire      ###.....     4%          3    None
j - Blink                 Tloc           N/A          1%          2    None
k - Teleport Other        Tloc           ####....     2%          3    None
l - Shroud of Golubria    Chrm/Tloc      ####......   1%          2    None
m - Passage of Golubria   Tloc           N/A          9%          4    None
n - Summon Lightning Spi  Summ/Air       ###.....     34%         4    None
o - Fulminant Prism       Conj/Hex       ######....   1%          4    None

Your spell library contained the following spells:

 Spells                   Type           Power        Failure   Level  Hunger
 Confusing Touch          Hex            ######       0%          1    None
 Corona                   Hex            ######.      0%          1    None
 Apportation              Tloc           ####..       1%          1    None
 Magic Dart               Conj           ####         1%          1    None
 Searing Ray              Conj           ####..       1%          2    None
 Sandblast                Erth           ###...       2%          1    None
 Animate Skeleton         Necr           N/A          3%          1    None
 Summon Small Mammal      Summ           ###.         3%          1    None
 Call Imp                 Summ           ###.....     4%          2    None
 Corpse Rot               Necr           N/A          5%          2    None
 Summon Guardian Golem    Hex/Summ       #####...     1%          3    None
 Leda's Liquefaction      Hex/Erth       ######....   1%          4    None
 Gell's Gravitas          Tloc           ####......   2%          3    None
 Lesser Beckoning         Tloc           ####......   2%          3    None
 Yara's Violent Unravell  Hex/Tmut       ######....   2%          5    ###....
 Stone Arrow              Conj/Erth      ####..       4%          3    None
 Regeneration             Chrm/Necr      ###.......   7%          3    None
 Summon Ice Beast         Ice/Summ       ####....     7%          4    None
 Call Canine Familiar     Summ           ###.....     10%         3    None
 Iskenderun's Mystic Bla  Conj           ####....     10%         4    None
 Petrify                  Tmut/Erth      ###.....     17%         4    None
 Summon Forest            Summ/Tloc      ###.......   43%         5    ###....
 Lee's Rapid Deconstruct  Erth           ###.......   52%         5    ###....
 Hydra Form               Tmut           ####......   89%         6    #####..
 Bolt of Fire             Conj/Fire      ###.......   93%         6    #####..
 Statue Form              Tmut/Erth      ###......    95%         6    #####..
 Dragon Form              Tmut           ####......   100%        7    ######.
 Summon Hydra             Summ           ###.......   100%        7    ######.
 Shatter                  Erth           ###.......   100%        9    #######


Dungeon Overview and Level Annotations

Branches:
Dungeon (15/15)            Temple (0/1) D:5            Lair (6/6) D:10
 Shoals (3/4) Lair:3        Snake (2/4) Lair:4        Slime (2/5) Lair:5
    Orc (2/2) D:12            Elf (1/3) Orc:2        Vaults (0/5) D:13
 Depths (1/5) D:15

Altars:
Ashenzari
Cheibriados
Dithmenos
Elyvilon
Gozag
Hepliaklqana
Kikubaaqudgha
Makhleb
Nemelex Xobeh
Uskayaw
Wu Jian
Xom
The Shining One
Beogh

Shops:
D:7 *   D:11 }   D:12 (%   D:14 *[   D:15 (   Orc:2 *!:[   Lair:4 =
Shoals:2 (   Snake:1 (}*   Depths:1 :*

Portals:
Trove: D:14 (give 6 scrolls of blinking)

Annotations:
D:5 Eustachio
Lair:3 Brecoman's ghost, journeyman DrIE
Lair:6 exclusion: oklob plant
Shoals:2 Ilsuiw
Shoals:3 exclusion: ice statue
Snake:2 Frances; Vashnia


Innate Abilities, Weirdness & Mutations

You are very small and have problems with some larger weapons.
You are too small for most types of armour.
You have supernaturally acute eyesight. (SInv)
You are a herbivore.
You cover ground extremely quickly.
You need to consume almost no food.


Message History

Okay, then.
As you read the scroll of teleportation, it crumbles to dust.
You feel strangely unstable.
You feel very sick.
The water nymph points at you and mumbles some strange words.
The water swirls and strikes you!
* * * LOW HITPOINT WARNING * * *
A water elemental comes into view.
Okay, then.
Okay, then.
Okay, then.
Okay, then.
A red film seems to cover your vision as you go berserk!
You feel yourself moving faster!
You feel mighty!
* * * LOW HITPOINT WARNING * * *
You feel sick.
The water nymph points at you and mumbles some strange words.
The water swirls and strikes you!
You die...
Your body crumbles into a pile of gold.

.≈≈≈ ≈≈≈≈ ≈≈≈≈≈≈≈ ≈≈≈≈
≈≈≈≈≈≈≈≈.≈≈≈≈E......≈≈≈≈≈≈..
≈≈≈≈≈≈≈..≈≈≈≈..# ...≈≈≈≈≈≈..
≈≈≈≈≈..≈≈≈≈≈≈.# #..≈≈≈≈≈≈##
.....≈≈≈.≈≈≈≈###.≈≈≈≈≈...#
#..≈≈≈≈.#.≈≈≈.≈≈≈≈≈≈≈....
#...≈≈...≈≈m@≈≈≈≈≈≈.....
.####...≈≈≈≈^≈≈.≈≈≈≈(≈≈(....
......≈≈≈≈≈......≈≈≈≈≈≈≈..#
≈...##≈≈≈≈≈≈..###.≈≈≈≈≈..##
≈...#.≈≈≈≈≈≈.## #.≈≈≈≈≈.##
≈≈≈≈≈≈≈≈≈≈<≈.####.)≈≈≈≈≈.#
≈≈≈≈≈≈≈≈≈≈((≈..##.≈≈.≈≈≈≈≈≈
≈≈≈≈≈≈≈≈≈S≈≈(###..≈≈≈≈≈≈≈≈≈≈
≈≈≈≈≈≈≈≈≈≈≈≈..(.≈≈≈≈≈≈≈≈≈≈≈≈


You could see a sea snake (fleeing), a water elemental and a water nymph.

Vanquished Creatures
  2 acid blobs (Slime:1)
  Polyphemus (Shoals:2)
  A sphinx (D:15)
  The ghost of Qifrumoos the Markscentaur, an adept CeHu of Okawaru (Shoals:2)
  2 azure jellies (Slime:1)
  The ghost of Biati the Blocker, a journeyman TrCj of Okawaru (Snake:1)
  A nagaraja (Snake:2)
  A frost giant (Depths:1)
  Louise (Shoals:2)
  2 orc warlords
  Nessos (Lair:5)
  A spark wasp (Depths:1)
  Snorg (Lair:4)
  2 merfolk javelineers (Shoals:2)
  4 dire elephants (Lair:6)
  2 deep elf death magi (Elf:1)
  2 fire dragons
  A merfolk impaler (Shoals:2)
  An ice dragon (Depths:1)
  3 ogre magi
  13 hydras
  2 catoblepae
  4 naga warriors
  2 vault guards (D:13)
  7 anacondas
  20 two-headed ogres
  6 centaur warriors
  An alligator snapping turtle (Shoals:2)
  A merfolk aquamancer (Shoals:1)
  A satyr (Shoals:2)
  2 tengu warriors
  2 death yaks (Shoals:2)
  4 orc high priests (Orc:2)
  2 naga sharpshooters (Snake:1)
  4 shock serpents
  A deep elf knight (Elf:1)
  A hell knight (D:15)
  2 sea snakes
  4 unseen horrors
  A flayed ghost (Depths:1)
  4 naga ritualists (Snake:1)
  2 wizards
  A lindwurm (Lair:3)
  A phantasmal warrior (D:15)
  2 deep elf archers (Elf:1)
  13 deep elf magi (Elf:1)
  A necromancer (D:13)
  13 mana vipers
  4 harpies (Shoals:2)
  4 orc knights
  7 fauns (Shoals:2)
  4 orc sorcerers (Orc:2)
  A wolf spider (D:15)
  4 cyclopes
  14 ugly things
  A moth of wrath (shapeshifter) (D:15)
  9 manticores
  3 salamanders
  3 merfolk sirens
  6 elephants
  Maurice (D:9)
  A guardian serpent (Lair:4)
  A molten gargoyle (D:14)
  26 black mambas
  3 gargoyles
  2 naga magi
  3 water nymphs (Shoals:2)
  8 spiny frogs
  3 yaktaurs (D:15)
  A komodo dragon (shapeshifter) (D:15)
  5 rime drakes
  6 komodo dragons
  A freezing wraith (D:15)
  3 tengu conjurers
  A troll (shapeshifter) (D:15)
  11 merfolk
  8 trolls
  A wandering mushroom (Lair:5)
  3 wind drakes
  A hornet (shapeshifter) (D:15)
  12 hippogriffs
  A dream sheep (Lair:3)
  22 slime creatures
  3 snapping turtles
  Sigmund (D:4)
  4 wraiths
  An air elemental (Elf:1)
  37 yaks
  A fire elemental (Elf:1)
  7 water elementals
  A shadow (D:10)
  22 humans
  2 hungry ghosts (D:13)
  2 fire bats (Shoals:2)
  3 wyverns
  4 golden eyes (Slime:1)
  4 hogs (D:9)
  A steam dragon (D:12)
  4 basilisks
  11 vampire mosquitoes
  3 wargs (Orc:2)
  A soldier ant (D:14)
  3 insubstantial wisps (Lair:1)
  6 nagas
  8 porcupines
  9 water moccasins
  3 ice beasts
  47 orc warriors
  An eye of draining (D:13)
  2 phantoms
  4 sky beasts
  19 ogres
  9 boggarts (D:15)
  6 wolves (Lair:5)
  13 centaurs
  10 crocodiles
  2 big kobolds
  10 bullfrogs
  A wyvern zombie (D:13)
  A gnoll sergeant (D:9)
  4 scorpions
  9 wights
  10 killer bees
  6 howler monkeys
  An electric eel (D:10)
  7 crimson imps
  A bullfrog zombie (D:11)
  7 hounds
  4 centaur skeletons
  3 jellies
  3 bullfrog skeletons
  4 centaur zombies
  Crazy Yiuf (D:3)
  22 orc priests
  Jessica (D:2)
  19 orc wizards
  3 iguanas
  5 worker ants
  A howler monkey zombie (D:7)
  13 gnolls
  7 adders
  3 river rats (D:5)
  A shadow imp (D:14)
  3 oozes
  A worm (D:5)
  2 dart slugs (D:1)
  5 leopard geckos
  107 orcs
  7 bats
  5 giant cockroaches
  28 goblins
  26 hobgoblins
  5 jackals
  26 kobolds
  4 quokkas
  2 ball pythons
  6 frilled lizards
  A jackal skeleton (D:4)
  A leopard gecko skeleton (D:6)
  12 rats
  A fungus (Lair:3)
  A plant (Lair:6)
976 creatures vanquished.

Vanquished Creatures (collateral kills)
  A golden dragon (Depths:1)
  A merfolk impaler (Shoals:1)
  A tengu warrior (Depths:1)
  3 salamanders
  A merfolk siren (Shoals:1)
  2 naga magi (Snake:1)
  A merfolk (Shoals:1)
  3 nagas (Snake:1)
  2 orc warriors (Orc:2)
  An orc priest (D:8)
  A gnoll (Bailey)
  5 orcs
  A goblin (Bailey)
23 creatures vanquished.

Vanquished Creatures (others)
  13 dancing weapons
  A boggart (D:15)
  13 fulminant prisms
  3 fungi
  10 plants
  7 toadstools (Lair:3)
47 creatures vanquished.

Grand Total: 1046 creatures vanquished

Notes
Turn   | Place    | Note
-------+----------+-------------------------------------------
     0 | D:1      | NonStable the Spriggan Enchanter began the quest for the
                  | Orb.
     0 | D:1      | Reached XP level 1. HP: 9/9 MP: 5/5
   310 | D:1      | Reached XP level 2. HP: 13/13 MP: 7/7
   562 | D:1      | Reached skill level 5 in Stealth
   741 | D:1      | Learned a level 2 spell: Ensorcelled Hibernation
  1515 | D:1      | Reached XP level 3. HP: 16/16 MP: 8/8
  1520 | D:1      | Learned a level 3 spell: Confuse
  1825 | D:2      | Found a white marble altar of Elyvilon.
  2617 | D:2      | Noticed Jessica
  2777 | D:2      | Reached skill level 6 in Stealth
  3122 | D:2      | Killed Jessica
  3122 | D:2      | Reached XP level 4. HP: 20/21 MP: 5/10
  3331 | D:3      | Found an opulent altar of Gozag.
  3375 | D:3      | Became a worshipper of Gozag Ym Sagoz the Greedy
  3427 | D:3      | Found a runed door.
  3634 | D:3      | Learned a level 3 spell: Tukima's Dance
  3942 | D:3      | Reached XP level 5. HP: 24/24 MP: 12/12
  4157 | D:3      | Noticed Crazy Yiuf
  4161 | D:3      | Killed Crazy Yiuf
  4242 | D:4      | Reached skill level 7 in Stealth
  4427 | D:4      | Noticed Sigmund
  4428 | D:4      | Reached skill level 5 in Hexes
  4431 | D:4      | Killed Sigmund
  4431 | D:4      | Reached XP level 6. HP: 29/29 MP: 12/14
  4433 | D:4      | Reached skill level 1 in Ice Magic
  4852 | D:5      | Entered Level 5 of the Dungeon
  4852 | D:5      | Found a staircase to the Ecumenical Temple.
  5035 | D:5      | Found a sparkling altar of Nemelex Xobeh.
  5132 | D:5      | Reached skill level 8 in Stealth
  5132 | D:5      | Reached XP level 7. HP: 22/32 MP: 1/15
  5194 | D:5      | Learned a level 3 spell: Dazzling Spray
  5434 | D:5      | Noticed Eustachio
  5621 | D:5      | Found a hazy altar of Hepliaklqana.
  5622 | D:5      | Found a shimmering altar of Xom.
  5622 | D:5      | Noticed an unseen horror
  5623 | D:5      | Noticed an unseen horror
  5623 | D:5      | Noticed a spectral ugly thing
  6118 | D:6      | Reached skill level 5 in Spellcasting
  6219 | D:6      | Learned a level 2 spell: Passwall
  6963 | D:6      | Found an ancient bone altar of Kikubaaqudgha.
  6967 | D:6      | Found a shadowy altar of Dithmenos.
  6970 | D:6      | Found a hide-covered altar of Uskayaw.
  7095 | D:7      | Reached skill level 1 in Fighting
  7095 | D:7      | Reached XP level 8. HP: 37/37 MP: 11/17
  7139 | D:7      | Reached skill level 9 in Stealth
  7271 | D:7      | Noticed an angel
  7272 | D:7      | Found Imider's Hallowed Reliquary.
  7273 | D:7      | Found a glowing golden altar of the Shining One.
  7277 | D:7      | Bought a +0 robe of positive energy for 61 gold pieces
  7277 | D:7      | Bought a potion of curing for 39 gold pieces
  7277 | D:7      | Bought a potion of heal wounds for 65 gold pieces
  8691 | D:9      | Reached skill level 10 in Stealth
  8836 | D:9      | Noticed Maurice
  8849 | D:9      | Killed Maurice
  8849 | D:9      | Reached skill level 5 in Dodging
  8849 | D:9      | Reached XP level 9. HP: 41/41 MP: 10/20
  8904 | D:9      | Noticed a gargoyle
  8921 | D:9      | Killed a gargoyle
  8992 | D:9      | Reached skill level 11 in Stealth
  9213 | D:9      | Reached skill level 5 in Short Blades
  9263 | D:9      | Found a sparkling altar of Nemelex Xobeh.
  9263 | D:9      | Found a glowing golden altar of the Shining One.
  9263 | D:9      | Found a burning altar of Makhleb.
  9273 | D:9      | Found an ornate altar of the Wu Jian Council.
  9652 | D:9      | Reached skill level 12 in Stealth
  9759 | D:10     | Entered Level 10 of the Dungeon
 10087 | D:10     | Found a shadowy altar of Dithmenos.
 10089 | D:10     | Noticed an oklob plant
 10339 | D:10     | Reached XP level 10. HP: 46/46 MP: 7/23
 10393 | D:10     | Noticed a two-headed ogre
 10394 | D:10     | Noticed a two-headed ogre
 10658 | D:10     | Killed a two-headed ogre
 10706 | D:10     | Reached skill level 13 in Stealth
 10821 | D:10     | Found a staircase to the Lair.
 10841 | D:10     | Learned a level 5 spell: Metabolic Englaciation
 10908 | D:10     | Killed a two-headed ogre
 10908 | D:10     | Reached skill level 1 in Conjurations
 10970 | D:10     | Noticed an oklob plant
 11109 | D:10     | Noticed an oklob plant
 11292 | D:11     | Found a snail-covered altar of Cheibriados.
 11366 | D:11     | Found Qaothut's Gadget Shoppe.
 11493 | D:11     | Reached skill level 14 in Stealth
 11511 | D:11     | Reached XP level 11. HP: 21/51 MP: 12/25
 11700 | D:11     | Noticed a seven-headed hydra
 11714 | D:11     | Killed a seven-headed hydra
 12760 | D:12     | Reached skill level 15 in Stealth
 12784 | D:12     | Noticed an unseen horror
 12789 | D:12     | Killed an unseen horror
 12789 | D:12     | Reached skill level 10 in Hexes
 12837 | D:12     | Noticed a two-headed ogre
 13032 | D:12     | Reached skill level 10 in Spellcasting
 13126 | D:12     | Noticed a two-headed ogre
 13136 | D:12     | Killed a two-headed ogre
 13195 | D:12     | Found a staircase to the Orcish Mines.
 13239 | D:12     | Got a coiled jade ring
 13303 | D:12     | Identified the ring "Uhur" {*Tele MP+9 Dex-3 Slay+2} (You
                  | took it off a wight on level 12 of the Dungeon)
 13468 | D:12     | Killed a two-headed ogre
 13468 | D:12     | Reached skill level 16 in Stealth
 13544 | D:12     | Learned a level 5 spell: Yara's Violent Unravelling
 13554 | D:12     | Noticed a cyan ugly thing
 13558 | D:12     | Killed a cyan ugly thing
 13752 | D:12     | Bought a ration for 60 gold pieces
 13752 | D:12     | Bought a ration for 60 gold pieces
 13752 | D:12     | Bought a ration for 60 gold pieces
 13752 | D:12     | Bought a ration for 60 gold pieces
 13752 | D:12     | Bought a ration for 60 gold pieces
 13752 | D:12     | Bought a ration for 60 gold pieces
 13752 | D:12     | Bought a ration for 60 gold pieces
 13752 | D:12     | Bought a ration for 60 gold pieces
 13873 | D:12     | Reached XP level 12. HP: 56/56 MP: 27/27
 14247 | D:12     | Reached skill level 17 in Stealth
 14511 | D:13     | You fall through a shaft for 2 floors!
 14511 | D:15     | Entered Level 15 of the Dungeon
 14614 | D:15     | Got a twisted dagger
 14615 | D:15     | Identified the +3 dagger of Foul Odors {drain, Dex+2} (You
                  | found it on level 15 of the Dungeon)
 14743 | D:15     | Noticed a centaur warrior
 14746 | D:15     | Noticed a seven-headed hydra
 14772 | D:14     | Found Wuiffal's Armour Emporium.
 14825 | D:14     | Reached skill level 1 in Transmutations
 14933 | D:14     | Noticed a two-headed ogre
 14936 | D:14     | Killed a two-headed ogre
 14936 | D:14     | Reached skill level 18 in Stealth
 15089 | D:14     | Noticed a centaur warrior
 15091 | D:14     | Found a portal to a secret trove of treasure.
 15092 | D:14     | Killed a centaur warrior
 15156 | D:14     | Found a flagged portal.
 15177 | Bailey   | Entered a bailey
 15563 | Bailey   | Noticed an orc warlord
 16003 | Bailey   | Killed an orc warlord
 16269 | D:14     | Noticed a tengu warrior
 16276 | D:14     | Noticed a centaur warrior
 16277 | D:14     | Killed a tengu warrior
 16284 | D:14     | Killed a centaur warrior
 16327 | D:14     | Reached skill level 19 in Stealth
 16492 | D:14     | Reached XP level 13. HP: 32/60 MP: 29/29
 18172 | D:13     | Reached skill level 5 in Ice Magic
 18194 | D:13     | Learned a level 5 spell: Irradiate
 18236 | D:13     | Reached skill level 20 in Stealth
 18422 | D:13     | Found a gate to the Vaults.
 18784 | D:13     | Got a bloodstained trident
 18785 | D:13     | Identified the cursed +1 trident "Kod Pog" {pierce, rElec
                  | rF- rN+ SInv} (You found it on level 13 of the Dungeon)
 19546 | D:15     | Found a shattered altar of Ashenzari.
 19825 | D:15     | Reached skill level 21 in Stealth
 19868 | D:15     | Noticed a sphinx
 19945 | D:15     | Killed a sphinx
 19945 | D:15     | Reached XP level 14. HP: 35/65 MP: 31/31
 20412 | D:15     | Got a shimmering bronze ring
 20838 | D:14     | Identified the ring "Fonetako" {Ice Str+2 Int+4} (You took
                  | it off a centaur warrior on level 15 of the Dungeon)
 21086 | D:15     | Found a staircase to the Depths.
 21226 | Orc:1    | Entered Level 1 of the Orcish Mines
 21461 | Orc:2    | Entered Level 2 of the Orcish Mines
 22036 | Orc:2    | Reached skill level 22 in Stealth
 22167 | Orc:2    | Found Neegosib's Book Shoppe.
 22502 | Orc:2    | Found a roughly hewn altar of Beogh.
 22570 | Orc:2    | Noticed an orc warlord
 22785 | Orc:2    | Found a staircase to the Elven Halls.
 23107 | Orc:2    | Found Nyclois's Assorted Antiques.
 23113 | Orc:2    | Bought a rare book for 510 gold pieces
 23117 | Orc:2    | Learned a level 3 spell: Conjure Flame
 23226 | Orc:2    | Found Umifamirph's Distillery.
 23800 | Orc:2    | Killed an orc warlord
 24051 | Orc:2    | Found a roughly hewn altar of Beogh.
 24558 | Orc:2    | Found Qes Furgh's Armour Emporium.
 24946 | Orc:2    | Bought the +2 cloak of Classification {rF+ Regen+ MP+9} for
                  | 616 gold pieces
 25924 | Lair:1   | Entered Level 1 of the Lair of Beasts
 27719 | Lair:2   | Learned a level 2 spell: Blink
 27723 | Lair:2   | Learned a level 3 spell: Teleport Other
 27726 | Lair:2   | Learned a level 2 spell: Shroud of Golubria
 28017 | Lair:2   | Found a labyrinth entrance.
 28195 | Lair:3   | Found a runed gate.
 28196 | Lair:3   | Noticed Brecoman's ghost (journeyman DrIE)
 28197 | Lair:3   | Found a runed gate.
 28197 | Lair:3   | Found a runed gate.
 28505 | Lair:3   | Reached skill level 23 in Stealth
 28563 | Lair:3   | Found a runed door.
 28706 | Lair:3   | Found a staircase to the Shoals.
 28709 | Lair:3   | Reached XP level 15. HP: 70/70 MP: 33/33
 29175 | Lair:3   | Reached skill level 10 in Dodging
 29257 | Lair:3   | Reached skill level 1 in Maces & Flails
 29257 | Lair:3   | Reached skill level 1 in Charms
 29257 | Lair:3   | Reached skill level 1 in Translocations
 29257 | Lair:3   | Reached skill level 1 in Evocations
 29257 | Lair:3   | Reached XP level 16. HP: 74/74 MP: 34/34
 29410 | Lair:3   | Got a slimy copper ring
 29411 | Lair:3   | Identified the ring of Wariness {MP+9 Str+5 Dex+2} (You
                  | found it on level 3 of the Lair of Beasts)
 29741 | Lair:4   | Bought an uncursed amulet of guardian spirit for 570 gold
                  | pieces
 30163 | Lair:4   | Found a staircase to the Snake Pit.
 30169 | Lair:4   | Got a pitted rapier
 30173 | Lair:4   | Identified the +3 rapier of Saltpetre {flame, +Fly Dex+6}
                  | (You found it on level 4 of the Lair of Beasts)
 30217 | Lair:4   | Got an opalescent robe
 30228 | Lair:4   | Identified the cursed +1 robe of Hangman {rN+} (You found
                  | it on level 4 of the Lair of Beasts)
 30497 | Lair:4   | Noticed Snorg
 30504 | Lair:4   | Killed Snorg
 30653 | Lair:5   | Noticed Nessos
 30902 | Lair:5   | Killed Nessos
 31076 | Lair:5   | Found a staircase to the Slime Pits.
 31411 | Lair:6   | Entered Level 6 of the Lair of Beasts
 31540 | Lair:6   | Learned a level 4 spell: Passage of Golubria
 31698 | Lair:6   | Reached skill level 24 in Stealth
 32549 | Lair:6   | Identified the Papyrus of Shape Shifting and Black Rites
 33228 | Elf:1    | Entered Level 1 of the Elven Halls
 34218 | Elf:1    | Noticed an Executioner
 34571 | Shoals:1 | Entered Level 1 of the Shoals
 34854 | Shoals:1 | Got a faintly glowing robe
 34866 | Shoals:1 | Identified the cursed +0 robe of Wir Woukhlo {*Corrode
                  | Dex+9 Stlth+} (You found it on level 1 of the Shoals)
 35791 | Shoals:2 | Reached XP level 17. HP: 79/79 MP: 36/36
 35827 | Shoals:2 | Found a runed door.
 35890 | Shoals:2 | Found a shimmering altar of Xom.
 35890 | Shoals:2 | Noticed Qifrumoos's ghost (adept CeHu)
 36100 | Shoals:2 | Noticed Polyphemus
 36282 | Shoals:2 | Killed Polyphemus
 36282 | Shoals:2 | Reached skill level 15 in Spellcasting
 36399 | Shoals:2 | Noticed Louise
 36434 | Shoals:2 | Killed Louise
 36646 | Shoals:2 | Noticed Ilsuiw
 36666 | Shoals:2 | HP: 3/79 [Ilsuiw/shard of ice (31)]
 37424 | Shoals:2 | Reached skill level 1 in Throwing
 37424 | Shoals:2 | Reached skill level 25 in Stealth
 37424 | Shoals:2 | Reached skill level 1 in Unarmed Combat
 37424 | Shoals:2 | Reached skill level 1 in Fire Magic
 37424 | Shoals:2 | Reached skill level 1 in Earth Magic
 37424 | Shoals:2 | Reached XP level 18. HP: 83/83 MP: 38/38
 37447 | Shoals:2 | Killed Qifrumoos's ghost
 38255 | Snake:1  | Entered Level 1 of the Snake Pit
 38299 | Snake:1  | Found a runed door.
 38357 | Snake:1  | Found Sitint's General Store.
 38359 | Snake:1  | Found Lejeiri's Gadget Shoppe.
 38361 | Snake:1  | Found Vomugg's Antique Weapon Emporium.
 38383 | Snake:1  | Bought a scroll of fear for 56 gold pieces
 39471 | Snake:1  | Noticed Biati's ghost (journeyman TrCj)
 39482 | Snake:1  | Killed Biati's ghost
 39482 | Snake:1  | Reached skill level 15 in Hexes
 41178 | Snake:2  | Noticed Vashnia
 41386 | Snake:2  | Noticed Frances
 42107 | Snake:1  | Learned a level 4 spell: Force Lance
 42949 | Slime:1  | Entered Level 1 of the Pits of Slime
 43159 | Slime:1  | Learned a level 4 spell: Summon Lightning Spire
 43651 | Depths:1 | Entered Level 1 of the Depths
 44399 | Depths:1 | Noticed a golden dragon
 44498 | D:15     | Learned a level 4 spell: Fulminant Prism
 44521 | Depths:1 | Killed a golden dragon
 44521 | Depths:1 | Reached XP level 19. HP: 48/87 MP: 39/40
 44536 | Depths:1 | Found Weaprial's One-of-a-Kind Books.
 44790 | Depths:1 | Bought a potion of heal wounds for 180 gold pieces
 44850 | Depths:1 | Reached skill level 26 in Stealth
 45025 | Depths:1 | Reached skill level 15 in Dodging
 45836 | Shoals:3 | HP: 6/130 [poisoned by a sea snake]
 45836 | Shoals:3 | Killed from afar by a water nymph

Skill      XL: |  1  2  3  4  5  6  7  8  9 10 11 12 13 14 15 16 17 18 19 |
---------------+----------------------------------------------------------+-----
Spellcasting   | 3 4 5 7 8 9 10 11 12 13 14 15 16 | 16.7
Stealth        | 5 6 7 8 10 12 14 16 19 21 23 24 25 26 | 26.1
Hexes          | 4 5 6 7 8 9 10 11 12 13 14 15 | 15.8
Short Blades   | 2 3 4 5 6 7 8 9 |  9.8
Ice Magic      | 1 2 3 4 5 6 7 |  7.6
Dodging        | 4 5 6 7 9 10 12 13 14 15 | 15.1
Fighting       | 1 2 3 4 |  4.9
Conjurations   | 1 2 3 |  3.0
Transmutations | 1 2 |  2.4
Maces & Flails | 1 |  1.4
Charms         | 1 2 |  2.2
Translocations | 1 2 3 |  3.2
Evocations     | 1 2 3 |  3.0
Throwing       | 1 |  1.5
Unarmed Combat | 1 |  1.3
Fire Magic     | 1 |  1.0
Earth Magic    | 1 |  1.1

Action                   |  1- 3 |  4- 6 |  7- 9 | 10-12 | 13-15 | 16-18 | 19-21 || total
-------------------------+-------+-------+-------+-------+-------+-------+-------++-------
Melee: Dagger            |   118 |       |       |   264 |   655 |   953 |    86 ||  2076
       Short sword       |     5 |   108 |   257 |   224 |       |       |       ||   594
       Quarterstaff      |       |     1 |       |       |       |       |       ||     1
       Punch             |       |       |       |       |       |     4 |       ||     4
Throw: Throwing net      |       |       |       |       |       |     1 |       ||     1
 Cast: Ensorcelled Hiber |    29 |    24 |    62 |    96 |   236 |   226 |    15 ||   688
       Confuse           |       |     3 |    17 |    34 |    42 |   101 |    19 ||   216
       Dazzling Spray    |       |       |    15 |    43 |    52 |   115 |    21 ||   246
       Tukima's Dance    |       |       |     1 |    12 |    10 |    52 |     1 ||    76
       Yara's Violent Un |       |       |       |     5 |       |       |       ||     5
       Metabolic Englaci |       |       |       |     2 |       |       |     1 ||     3
       Conjure Flame     |       |       |       |       |     3 |       |       ||     3
       Shroud of Golubri |       |       |       |       |     2 |       |       ||     2
       Passwall          |       |       |       |       |     1 |       |       ||     1
       Teleport Other    |       |       |       |       |       |     4 |       ||     4
       Passage of Golubr |       |       |       |       |       |     1 |       ||     1
       Fulminant Prism   |       |       |       |       |       |     4 |     9 ||    13
       Summon Lightning  |       |       |       |       |       |     2 |     2 ||     4
       Force Lance       |       |       |       |       |       |       |     2 ||     2
Invok: Call Merchant     |       |       |       |     2 |     2 |     2 |     1 ||     7
       Potion Petition   |       |       |       |       |       |     1 |       ||     1
Evoke: Wand              |       |       |       |       |    15 |    18 |       ||    33
       Box of beasts     |       |       |       |       |       |     1 |     1 ||     2
  Use: Scroll            |     2 |     5 |     3 |    13 |    13 |    15 |     4 ||    55
       Potion            |       |       |       |     3 |    12 |    14 |     2 ||    31
 Stab: Sleeping          |    28 |    26 |    40 |    80 |   195 |   163 |     8 ||   540
       Distracted        |     1 |     2 |     3 |    13 |     6 |    11 |     1 ||    37
       Confused          |       |       |     8 |    23 |    23 |    45 |     4 ||   103
       Invisible         |       |       |     5 |     8 |    12 |    13 |     5 ||    43
       Petrified         |       |       |       |       |       |     1 |       ||     1
  Eat: Ration            |     1 |     1 |     3 |     4 |     6 |     8 |       ||    23
Armor: Robe              |     9 |     7 |    28 |     9 |    12 |    41 |     2 ||   108
Dodge: Dodged            |   101 |    66 |   221 |   256 |   305 |   810 |    75 ||  1834
Block: Other             |       |       |       |       |       |     5 |     8 ||    13
       Reflection        |       |       |       |       |       |     1 |       ||     1
